AoeStats
← ChiFutbol

MegaRandom

504802650Analyzed
1v1 RM · 27d ago on Sep 6, 2026· 69m 53s· 2 players
Game mode
Random Map
Map size
Tiny (2 player)
Population
200
Speed
Normal
Resources
Standard
Victory
Conquest
Starting age
Dark Age
Ending age
Imperial Age
RankedLock teamsTeams togetherTeam positionsShared explorationLock speedFull tech treeHidden civsTurbo modeCheats
Victory
Defeat
🇺🇸 Georgians · United States
1063
+17
🇺🇸 Malians · United States
1077
-17
Ruxin
2:21 Loom
9:29 Feudal Age
17:46 Castle Age
18:19 Light Cavalry
22:22 Forging
23:56 Scale Barding Armor
29:02 Wheelbarrow
29:05 Fletching
35:54 Imperial Age
35:42 Hand Cart
36:12 Iron Casting
36:26 Bodkin Arrow
41:33 Pikeman
45:30 Scale Mail Armor
47:10 Svan Towers
47:36 Bracer
48:37 Blast Furnace
47:29 Double-Bit Axe
49:00 Gold Mining
51:14 Halberdier
56:53 Chain Mail Armor
57:17 Masonry
57:28 Ballistics
58:35 Conscription
59:52 Chain Barding Armor
60:20 Elite Monaspa
65:03 Spies/Treason
66:28 Heavy Cavalry Archer
ChiFutbol
6:01 Loom
11:35 Feudal Age
12:10 Double-Bit Axe
12:08 Horse Collar
24:18 Castle Age
23:22 Bloodlines
23:19 Scale Barding Armor
24:23 Pikeman
26:11 Bow Saw
27:38 Forging
27:36 Husbandry
30:58 Wheelbarrow
31:13 Chain Barding Armor
33:42 Squires
34:28 Iron Casting
33:56 Scale Mail Armor
37:26 Hand Cart
40:33 Chain Mail Armor
42:13 Treadmill Crane
45:16 Light Cavalry
Connection lost

Rejoining the realm…

Still unreachable

The connection could not be restored.

Session expired

The server has moved on; the page needs a fresh start.